 Dungeon Crawl Stone Soup version 0.28.0 (webtiles) character file.

Game seed: 15497690651512919023

9048 Dani the Grappler (level 11, -14/94 HPs)
             Began as a Ghoul Delver on Feb 6, 2022.
             Was an Initiate of Gozag.
             Demolished by Urug (20 damage)
             ... on level 10 of the Dungeon.
             The game lasted 00:26:03 (12111 turns).

Dani the Grappler (Ghoul Delver)                   Turns: 12111, Time: 00:26:04

Health: -14/94     AC: 17    Str: 21    XL:     11   Next: 40%
Magic:  0/10       EV:  9    Int:  5    God:    Gozag
Gold:   598        SH:  0    Dex: 10    Spells: 10/10 levels left

rFire   . . .      SeeInvis .     - Unarmed
rCold   + + .      Faith    .   (no shield)
rNeg    + + +      Spirit   +   F - +1 chain mail {Will+}
rPois   ∞          Reflect  .   p - +0 helmet
rElec   .          Harm     .   J - +0 cloak
rCorr   .          Rampage  +   h - +0 pair of gloves
Will    +....                   G - +1 pair of boots {rampage}
Stlth   ..........              k - amulet of guardian spirit
HPRegen 0.00/turn               c - ring of protection from cold
MPRegen 0.12/turn               (no ring)

@: inhibited regen
A: claws 1, cold resistance 1, negative energy resistance 3, inhibited
regeneration, torment resistance 2
a: Renounce Religion, Potion Petition, Call Merchant, Bribe Branch


You were on level 10 of the Dungeon.
You worshipped Gozag.
Gozag was pleased with you.
You visited 2 branches of the dungeon, and saw 11 of its levels.
You also visited: Bailey.

You collected 1832 gold pieces.
You spent 157 gold pieces at shops.
You paid 1077 gold pieces to Gozag.

Inventory:

Missiles
 w - 40 poisoned darts (quivered)
 C - 6 javelins
 Z - 3 throwing nets
Armour
 a - a +0 leather armour
 e - a +0 scale mail
   (You took it off a kobold brigand on level 6 of the Dungeon)
 h - a +0 pair of gloves (worn)
   (You found it on level 6 of the Dungeon)
 i - +1 swamp dragon scales
   (You took it off Maggie on level 6 of the Dungeon)
 p - a +0 helmet (worn)
   (You took it off Robin on level 2 of the Dungeon)
 z - a +1 plate armour of cold resistance
   (You found it on level 7 of the Dungeon)
 F - a +1 chain mail of willpower (worn)
   (You found it in a bailey)
 G - a +1 pair of boots of rampaging (worn)
   (You bought it in a shop on level 7 of the Dungeon)
 J - a +0 cloak (worn)
   (You found it on level 9 of the Dungeon)
Jewellery
 c - a ring of protection from cold (left hand)
   (You found it on level 4 of the Dungeon)
 k - an amulet of guardian spirit (around neck)
   (You found it on level 4 of the Dungeon)
 r - an amulet of regeneration
   (You found it on level 8 of the Dungeon)
 s - an amulet of the acrobat
   (You found it on level 4 of the Dungeon)
 x - a +6 ring of dexterity
   (You took it off a gnoll on level 5 of the Dungeon)
 y - an amulet of magic regeneration
   (You found it on level 5 of the Dungeon)
 I - a ring of wizardry
   (You found it on level 9 of the Dungeon)
Wands
 f - a wand of mindburst (15)
   (You found it on level 6 of the Dungeon)
 D - a wand of digging (3)
 K - a wand of polymorph (4)
   (You found it on level 10 of the Dungeon)
 P - a wand of paralysis (1)
   (You found it on level 9 of the Dungeon)
 V - a wand of flame (36)
   (You took it off a kobold on level 5 of the Dungeon)
Scrolls
 b - 2 scrolls of fog
 d - 2 scrolls of fear
 j - 2 scrolls of vulnerability
 u - 2 scrolls of enchant weapon
 A - 3 scrolls of enchant armour
 B - a scroll of blinking
 E - a scroll of silence
 M - 2 scrolls of magic mapping
 R - a scroll of identify {@r1}
 T - 4 scrolls of teleportation
Potions
 g - 2 potions of mutation
 l - 7 potions of heal wounds
 m - 3 potions of lignification
 n - 2 potions of flight {unknown}
 o - 2 potions of attraction {unknown}
 q - a potion of resistance {unknown}
 t - a potion of brilliance {unknown}
 v - 2 potions of invisibility {unknown}
 H - 3 potions of haste
 Q - 4 potions of curing {@q1}


   Skills:
 + Level 8.1 Fighting
 + Level 6.0 Armour
 + Level 6.4 Dodging
 - Level 5.4 Stealth
 + Level 14.3 Unarmed Combat


You had 10 spell levels left.
You didn't know any spells.
Your spell library contained the following spells:

 Spells                   Type           Power      Damage    Failure   Level
 Foxfire                  Conj/Fire      0%         2x1d4     99%         1
 Magic Dart               Conj           0%         1d3       99%         1
 Searing Ray              Conj           0%         2d4       100%        2
 Confusing Touch          Hex            0%         N/A       100%        3
 Conjure Flame            Conj/Fire      0%         6-21      100%        3
 Ignite Poison            Fire/Tmut/Pois 0%         N/A       100%        3
 Inner Flame              Hex/Fire       0%         N/A       100%        3
 Flame Wave               Conj/Fire      0%         2d4       100%        4
 Fulminant Prism          Conj/Hex       0%         3d6       100%        4
 Iskenderun's Mystic Bla  Conj/Tloc      0%         2d3       100%        4
 Sticky Flame             Conj/Fire      0%         2d3       100%        4
 Lee's Rapid Deconstruct  Erth           0%         3d5*      100%        5
 Yara's Violent Unravell  Hex/Tmut       0%         3d3       100%        5
 Enfeeble                 Hex            0%         N/A       100%        7


Dungeon Overview and Level Annotations

Branches:
Dungeon (10/15)            Temple (1/1) D:5            Lair (0/6) D:9
 Bailey (visited)
    Orc: D:9-12

Altars:
Ashenzari
Cheibriados
Dithmenos
Elyvilon
Fedhas
Gozag
Hepliaklqana
Kikubaaqudgha
Makhleb
Nemelex Xobeh
Okawaru
Qazlal
Sif Muna
Trog
Uskayaw
Vehumet
Wu Jian
Xom
Yredelemnul
Zin
The Shining One

Shops:
D:7 [

Annotations:
D:2 1 runed translucent door, Crazy Yiuf
D:5 3 runed translucent doors, MrDizzy's ghost, novice MiFi
D:8 1 runed translucent door, da312102's ghost, weakling DrDe
D:10 Urug


Innate Abilities, Weirdness & Mutations

You thrive by killing the living.
You are immune to poison.
You have sharp fingernails.
Your flesh is cold resistant. (rC+)
You are immune to negative energy. (rN+++)
You do not regenerate when monsters are visible.
You are immune to unholy pain and torment.


Message History

An orc priest comes into view. It is wielding a +0 whip.
The orc priest shouts!
An orc wizard comes into view. It is wielding a +0 dagger.
There are monsters nearby!
The orc wizard shouts!
You rampage towards the orc priest!
You pummel the orc priest!!
You kill the orc priest!
You rampage towards the orc wizard!
An orc wizard comes into view. It is wielding a +0 dagger.
Found a stone staircase leading down.
The orc wizard shouts!
The orc wizard gestures wildly while chanting.
The orc wizard flickers and vanishes!
Deactivating autopickup; reactivate with Ctrl-A.
You closely miss something. Your punch misses something.
Something hits you but does no damage.
The orc wizard gestures at you while chanting.
The puff of flame misses you.
You closely miss something.
You hear some strange, mumbled words.
A magic dart appears from out of thin air!
The magic dart hits you but does no damage.
You pummel something!!
Reactivating autopickup.
You feel a bit more experienced. The orc wizard barely misses you.
Things that are here:
6 gold pieces; a +0 dagger; a +0 robe You pummel the orc wizard!!
You kill the orc wizard!
No target in view!
No target in view!
No target in view!
You now have 581 gold pieces (gained 6).
Things that are here:
a +0 dagger; a +0 robe You now have 586 gold pieces (gained 5).
Things that are here:
a +0 dagger; a +0 robe
Things that are here:
a +0 dagger; a +0 robe You now have 593 gold pieces (gained 7).
You see here a +0 whip.
Key pressed, stopping explore.
Key pressed, stopping explore.
Key pressed, stopping explore.
Key pressed, stopping explore.
Key pressed, stopping explore.
Key pressed, stopping explore.
Found a long sword.
You see here a +0 long sword.
K - a wand of polymorph (4) Key pressed, stopping explore.
Found a plate armour.
A - 3 scrolls of enchant armour (gained 1)
Found 12 stones.
Found a stone staircase leading down.
You now have 598 gold pieces (gained 5).
Urug the Orcish Ballista comes into view.
She is wielding a +7 great mace and wearing a +2 scale mail of cold resistance.
Unknown command.
Search for what [Enter for "boot", or ? for help]? arte Urug throws a javelin.
The javelin pierces through you!
Urug throws a javelin.
The javelin closely misses you.
You start resting.
Magic restored.
Urug roars.
Urug hits you with a +7 great mace!
You hit Urug but do no damage. Urug barely misses you.
You punch Urug! Your punch misses Urug.
Urug is lightly wounded.
Urug hits you with a +7 great mace!
You barely miss Urug.
Urug is lightly wounded.
Urug hits you with a +7 great mace!!
* * * LOW HITPOINT WARNING * * *
You hit Urug but do no damage.
Urug is lightly wounded.
You punch Urug!
Urug is moderately wounded.
Urug hits you with a +7 great mace!
* * * LOW HITPOINT WARNING * * *
You pummel Urug!!
Urug is heavily wounded.
Urug adjusts her eyepatch.
Urug drinks a potion.
Urug is healed!
You barely miss Urug.
Urug is lightly wounded.
Urug hits you with a +7 great mace!!
* * * LOW HITPOINT WARNING * * *
Aiming: Paralyse
Press: ? - help, Shift-Dir - straight line, f - Urug
Aim: Urug, wielding a +7 great mace, wearing a +2 scale mail of cold resistance and quivering javelins (lightly wounded, chance to affect: 31%) Urug easily resists.
Urug hits you with a +7 great mace!
* * * LOW HITPOINT WARNING * * *
Aiming: Paralyse
Press: ? - help, Shift-Dir - straight line, f/p - Urug
Aim: Urug, wielding a +7 great mace, wearing a +2 scale mail of cold resistance and quivering javelins (lightly wounded, chance to affect: 31%) Urug easily resists.
Urug hits you with a +7 great mace!!
You die...
Your body crumbles into a pile of gold.

#.#########........
#..................
#..................
#........(.....####
#.......>......#
#..............####
#..................
#..................
#.@.....#####......
#o####..# #.#####
#.# #..# #. #.#
#..# #. #.# #..# #.
#.# #..# #. #.#
#..# #.####..#####.
####
#..................


You could see Urug.

Vanquished Creatures
  Harold (D:9)
  3 two-headed ogres
  A deep elf pyromancer (D:9)
  Maggie (D:6)
  An unseen horror (D:10)
  A troll (D:8)
  2 hornets
  A yak (D:8)
  2 shadows
  A water moccasin (D:8)
  2 black bears
  5 orc warriors
  An ice beast (D:6)
  A sky beast (D:5)
  A necrophage (D:6)
  An ogre (D:4)
  4 centaurs
  Blork the orc (D:5)
  10 kobold brigands
  A wyvern zombie (D:8)
  3 bullfrogs (D:8)
  A scorpion (D:7)
  2 wyvern skeletons (D:7)
  A water moccasin skeleton (D:7)
  3 killer bees (D:9)
  A wight (D:8)
  A howler monkey (D:5)
  2 centaur zombies
  4 hounds
  3 bullfrog skeletons
  3 gnoll shamans
  7 orc priests
  4 centaur skeletons
  2 jellies
  3 iguanas
  Natasha (D:2)
  11 orc wizards
  A killer bee zombie (D:7)
  A hound skeleton (D:4)
  Robin (D:2)
  A howler monkey zombie (D:9)
  9 adders
  11 gnolls
  3 shadow imps
  A white imp (D:7)
  An ufetubus (D:4)
  An adder skeleton (D:4)
  A worm (D:3)
  4 dart slugs
  37 orcs
  9 ball pythons
  8 endoplasms
  5 giant cockroaches
  15 goblins
  9 hobgoblins
  7 jackals (D:4)
  6 quokkas
  3 bats
  24 kobolds
  8 rats
259 creatures vanquished.

Vanquished Creatures (others)
  62 plants
62 creatures vanquished.

Grand Total: 321 creatures vanquished

Notes
Turn   | Place    | Note
-------+----------+-------------------------------------------
     0 | D:5      | Dani the Ghoul Delver began the quest for the Orb.
     0 | D:5      | Reached XP level 1. HP: 19/19 MP: 0/0
    19 | D:6      | Noticed an iguana
    25 | D:6      | Killed an iguana
    26 | D:6      | Reached skill level 3 in Unarmed Combat
    26 | D:6      | Reached XP level 2. HP: 16/26 MP: 1/1
    26 | D:6      | Reached XP level 3. HP: 19/31 MP: 2/2
   146 | D:6      | Noticed an ice beast
   209 | D:6      | Found a sparkling altar of Nemelex Xobeh.
   279 | D:6      | Reached skill level 4 in Unarmed Combat
   571 | D:6      | Noticed a kobold brigand
   593 | D:6      | Killed a kobold brigand
   594 | D:6      | Reached skill level 5 in Unarmed Combat
   594 | D:6      | Reached XP level 4. HP: 29/38 MP: 3/3
   594 | D:6      | Reached XP level 5. HP: 35/45 MP: 4/4
   838 | D:6      | Reached skill level 6 in Unarmed Combat
   935 | D:5      | Noticed a black bear
  1264 | D:6      | Noticed Maggie
  1281 | D:6      | Killed Maggie
  1282 | D:6      | Reached skill level 8 in Unarmed Combat
  1282 | D:6      | Reached XP level 6. HP: 28/51 MP: 5/5
  1282 | D:6      | Reached XP level 7. HP: 31/57 MP: 6/6
  1583 | D:5      | Noticed a shadow
  1603 | D:5      | Killed a shadow
  1604 | D:5      | Reached skill level 9 in Unarmed Combat
  1847 | D:5      | Noticed Blork the orc
  1857 | D:5      | Found a radiant altar of Vehumet.
  1910 | D:5      | Found a snail-covered altar of Cheibriados.
  1984 | D:5      | Reached XP level 8. HP: 46/63 MP: 7/7
  1988 | D:5      | Reached skill level 10 in Unarmed Combat
  2086 | D:5      | Found a staircase to the Ecumenical Temple.
  2093 | Temple   | Entered the Ecumenical Temple
  2370 | D:4      | You fall into a shaft and drop 3 floors!
  2758 | D:5      | Reached skill level 11 in Unarmed Combat
  3602 | D:1      | Found a faded altar of an unknown god.
  3660 | D:1      | Prayed at the altar of an unknown god.
  3660 | D:1      | Became a worshipper of Gozag Ym Sagoz the Greedy
  3798 | D:2      | Found a runed translucent door.
  3801 | D:2      | Noticed Crazy Yiuf
  3923 | D:2      | Noticed Robin
  3935 | D:2      | Killed Robin
  3998 | D:2      | Noticed Natasha
  4005 | D:2      | Killed Natasha
  4849 | D:3      | Found a shimmering altar of Xom.
  5115 | D:4      | Reached skill level 2 in Dodging
  5309 | D:4      | Reached skill level 1 in Armour
  5309 | D:4      | Reached XP level 9. HP: 45/71 MP: 8/8
  5883 | D:5      | Found an opulent altar of Gozag.
  5895 | D:5      | Reached skill level 4 in Fighting
  5895 | D:5      | Reached skill level 12 in Unarmed Combat
  6259 | D:5      | Killed Blork the orc
  6260 | D:5      | Reached skill level 2 in Armour
  6377 | D:5      | Found a runed translucent gate.
  6377 | D:5      | Found a runed translucent gate.
  6378 | D:5      | Found a runed translucent gate.
  6379 | D:5      | Noticed MrDizzy's ghost (novice MiFi)
  6463 | D:6      | Reached skill level 3 in Dodging
  7693 | D:8      | Reached skill level 5 in Fighting
  7830 | D:8      | Found a runed translucent door.
  7831 | D:8      | Identified the +4 trident of the Past {flame, rElec}
  7832 | D:8      | Noticed da312102's ghost (weakling DrDe)
  7832 | D:8      | Noticed a polar bear
  7892 | D:8      | Reached skill level 3 in Armour
  7942 | D:8      | Reached skill level 13 in Unarmed Combat
  7957 | D:8      | Found a flagged portal.
  7974 | D:8      | Reached skill level 4 in Dodging
  7974 | D:8      | Reached XP level 10. HP: 53/81 MP: 3/9
  8048 | Bailey   | Entered a bailey
  8146 | Bailey   | HP: 20/82 [orc warrior (7)]
  8488 | Bailey   | Reached skill level 6 in Fighting
  8488 | Bailey   | Found a bloodstained altar of Trog.
  8770 | D:8      | Reached skill level 4 in Armour
  8896 | D:7      | Bought a pair of embroidered boots for 157 gold pieces
  8926 | D:8      | Found a burning altar of Makhleb.
  9007 | D:8      | Reached skill level 5 in Dodging
  9177 | D:8      | Noticed a two-headed ogre
  9183 | D:8      | Killed a two-headed ogre
  9509 | D:8      | Reached skill level 7 in Fighting
  9551 | D:8      | Found an iron altar of Okawaru.
  9659 | D:8      | Noticed a two-headed ogre
  9668 | D:8      | Killed a two-headed ogre
  9669 | D:8      | Reached skill level 5 in Armour
  9669 | D:8      | Reached XP level 11. HP: 42/92 MP: 4/10
 10170 | D:9      | Found a bloodstained altar of Trog.
 10206 | D:9      | Noticed Harold
 10220 | D:9      | Killed Harold
 10221 | D:9      | Reached skill level 14 in Unarmed Combat
 10517 | D:9      | Reached skill level 6 in Dodging
 10703 | D:9      | Found an ancient bone altar of Kikubaaqudgha.
 10894 | D:9      | Noticed a deep elf pyromancer
 10900 | D:9      | Killed a deep elf pyromancer
 10940 | D:9      | Found a staircase to the Lair.
 11242 | D:9      | Found a shimmering blue altar of Sif Muna.
 11549 | D:10     | Entered Level 10 of the Dungeon
 11549 | D:10     | Noticed a two-headed ogre
 11553 | D:10     | Killed a two-headed ogre
 11554 | D:10     | Reached skill level 8 in Fighting
 11780 | D:10     | Reached skill level 6 in Armour
 12084 | D:10     | Noticed Urug
 12109 | D:10     | HP: 17/94 [Urug (18)]
 12110 | D:10     | HP: 6/94 [Urug (11)]
 12111 | D:10     | Demolished by Urug

Illustrated notes

Levels and vault maps discovered:
D:1:      saegor_arrival_under_anarchy, layout_loops_cross,
          basic_ecumenical_altar, minmay_misc_feat_rugged
D:2:      layout_loops_ring, basic_altar, minmay_misc_feat_nine_boxes,
          feat_on_display, uniq_robin, uniq_crazy_yiuf_cottage, uniq_natasha
D:3:      minmay_bubble_buster, layout_loops_ring,
          nicolae_overflow_crystal_walls
D:4:      layout_basic, kennysheep_donut,
          nicolae_concentric_dashed_squares_wild, serial_bayou_pond_b
D:5:      cheibrodos_thug_alley, layout_basic, mainiacjoe_overflow_boulevard,
          mainiacjoe_overflow_cross_hatched, old_standard_altar,
          mainiacjoe_overflow_catwalk, minmay_temple_entry_nine_rooms,
          ebering_ghost_rock_garden, serial_bayou_lagoon_a,
          minmay_misc_feat_tower, uniq_blork_the_orc
D:6:      layout_gridville, nemelex_spade_bored_becter,
          mainiacjoe_overflow_surrounded_room, chequers_arboretum, uniq_maggie
D:7:      layout_loops_ring
D:8:      layout_basic, mainiacjoe_overflow_small_starburst, lemuel_round_altar,
          ebering_ghost_funeral_grove, enter_bailey_5, st_stairs_14,
          minmay_joined_circles
D:9:      layout_grid_maze, led_sif_pool, kiku_gazebo_pond_becter,
          lightli_temple_of_fire, lair_entry_dummy, guppyfry_early_elven_hall,
          uniq_harold
D:10:     layout_small_grid, mainiacjoe_overflow_six_doors_small, uniq_urug
Temple:   jpeg_temple_island

Skill      XL: |  1  2  3  4  5  6  7  8  9 10 11 |
---------------+----------------------------------+-----
Unarmed Combat | 3 5 8 9 11 13 14 | 14.3
Dodging        | 2 4 5 6 |  6.4
Armour         | 1 3 5 6 |  6.0
Fighting       | 5 7 8 |  8.1
Stealth        | |  5.4

Action                   |  1- 3 |  4- 6 |  7- 9 | 10-12 || total
-------------------------+-------+-------+-------+-------++-------
Melee: Unarmed           |    29 |    39 |   522 |   221 ||   811
       Punch             |     1 |     3 |    26 |    16 ||    46
Invok: Potion Petition   |       |       |     1 |       ||     1
       Call Merchant     |       |       |     1 |       ||     1
Evoke: Wand              |       |     2 |     1 |     2 ||     5
  Use: Scroll            |       |       |    14 |       ||    14
 Stab: Sleeping          |     1 |       |    16 |       ||    17
       Paralysed         |       |    10 |       |       ||    10
       Distracted        |       |       |     1 |     1 ||     2
Armor: Leather armour    |    10 |       |       |       ||    10
       Scale mail        |       |     4 |       |       ||     4
       Swamp dragon scal |       |       |   164 |       ||   164
       Plate armour      |       |       |    84 |    56 ||   140
       Chain mail        |       |       |       |    91 ||    91
Dodge: Dodged            |    22 |     9 |   239 |    72 ||   342

Table legend: (Time is in decaauts)
 A = Elapsed time spent in this place.
 B = Non-inter-level travel time spent in this place.
 C = Inter-level travel time spent in this place.
 D = Time resting spent in this place.
 E = Time spent auto-exploring this place.
 F = Levels seen in this place.
 G = Mean time per level.
                   A        B        C        D        E       F      G
               +--------+--------+--------+--------+--------+-----+--------+
         Total |  11972 |  11285 |    687 |   1940 |   6677 |  12 |  997.7 |
       Dungeon |  11190 |  10510 |    680 |   1480 |   6511 |  10 | 1119.0 |
        Temple |    111 |    104 |      7 |      0 |     98 |   1 |  111.0 |
        Bailey |    671 |    671 |      0 |    460 |     66 |   1 |  671.0 |
               +--------+--------+--------+--------+--------+-----+--------+

Top non-repeatable levels by time:
     D:8: 1920 daAuts
     D:6: 1885 daAuts
     D:5: 1412 daAuts
     D:9: 1357 daAuts
     D:7: 1134 daAuts
     D:4: 936 daAuts
     D:3: 757 daAuts
     D:1: 712 daAuts
     D:2: 700 daAuts
  Bailey: 671 daAuts
    D:10: 371 daAuts
  Temple: 111 daAuts

Table legend:
 A = Kills in this place as a percentage of kills in entire the game.
 B = Kills by you in this place as a percentage of kills by you in the entire game.
 C = Kills by friends in this place as a percentage of kills by friends in the entire game.
 D = Other kills in this place as a percentage of other kills in the entire game.
 E = Experience gained in this place as a percentage of experience gained in the entire game.
 F = Experience gained in this place divided by the number of levels of this place that you have seen.
                   A       B       C       D       E      F
               +-------+-------+-------+-------+-------+----------------------
         Total | 100.0 | 100.0 |   N/A |   N/A | 100.0 | 1077.2
       Dungeon |  93.1 |  93.1 |   N/A |   N/A |  91.5 | 1182.7
        Bailey |   6.9 |   6.9 |   N/A |   N/A |   8.5 | 1099.0
               +-------+-------+-------+-------+-------+----------------------
